 Dungeon Crawl Stone Soup version 0.29-a0-234-g0dae59b3db (webtiles) character file.

Game seed: 361491782934184787

20 Aksej the Skirmisher (level 2, -2/24 HPs)
             Began as a Demonspawn Monk on Mar 2, 2022.
             Slain by a gnoll
             ... wielding a +0 whip
              (3 damage)
             ... on level 1 of the Dungeon.
             The game lasted 00:01:18 (854 turns).

Aksej the Skirmisher (Demonspawn Monk)               Turns: 854, Time: 00:01:19

Health: -2/24      AC:  2    Str: 11    XL:     2   Next: 58%
Magic:  2/2        EV: 13    Int: 11    God:
Gold:   94         SH:  0    Dex: 15    Spells: 1/1 levels left

rFire   . . .      SeeInvis .   a - +0 mace
rCold   . . .      Faith    .   (no shield)
rNeg    . . .      Spirit   .   b - +0 robe
rPois   .          Reflect  .   (no helmet)
rElec   .          Harm     .   (no cloak)
rCorr   .          Rampage  .   (no gloves)
Will    .....                   (no boots)
Stlth   ++........              (no amulet)
HPRegen 0.08/turn               (no ring)
MPRegen 0.08/turn               (no ring)

@: no status effects
A: foul stench 1
a: no special abilities


You were on level 1 of the Dungeon.
You visited 1 branch of the dungeon, and saw 1 of its levels.

You collected 94 gold pieces.

Inventory:

Hand Weapons
 a - a +0 mace (weapon)
Armour
 b - a +0 robe (worn)
Scrolls
 c - a scroll of holy word {unknown}
 d - a scroll of identify {unknown}
 f - a scroll of teleportation {unknown}
Potions
 e - a potion of berserk rage {unknown}


   Skills:
 * Level 3.6 Fighting
 + Level 2.8 Maces & Flails
 + Level 2.9 Dodging
 + Level 1.8 Stealth


You had one spell level left.
You didn't know any spells.
Your spell library was empty.

Dungeon Overview and Level Annotations

Branches:
Dungeon (1/15)

Altars:


Innate Abilities, Weirdness & Mutations

You may rarely emit foul miasma when damaged in melee.


Message History

A bat is nearby!
You completely miss the plant. You sock the plant!
The plant begins to die.
The plant is lightly damaged.
A nearby plant withers and dies.
The bat hits the bush but does no damage.
You hit the plant.
The plant begins to die.
The plant is lightly damaged.
You hit the bat.
You kill the bat!
A nearby plant withers and dies.
Things that are here:
a jackal corpse; a jackal corpse You see here a bat corpse.
You sock the plant!
The plant begins to die.
The plant is lightly damaged.
A nearby plant withers and dies.
You sock the plant!
The plant begins to die.
You punch the plant.
The plant is lightly damaged.
A nearby plant withers and dies.
You hit the plant.
The plant begins to die.
The plant is lightly damaged.
You hit the plant.
The plant begins to die.
The plant is lightly damaged.
A nearby plant withers and dies.
A nearby plant withers and dies.
A gnoll comes into view. It is wielding a +0 whip.
The gnoll shouts!
The gnoll hits you with a +0 whip!
You hit the gnoll but do no damage.
A rat comes into view.
The gnoll hits you with a +0 whip! The gnoll hits you with a +0 whip.
* * * LOW HITPOINT WARNING * * *
You are too injured to fight recklessly!
You are too injured to fight recklessly!
You closely miss the gnoll. The gnoll closely misses you.
You hit the gnoll but do no damage. The gnoll hits you with a +0 whip.
* * * LOW HITPOINT WARNING * * *
You closely miss the gnoll. The gnoll hits you with a +0 whip.
You die...

.#.....# #......#
...#...####
.##....##.##
#..........#####
.......##......#
#####..#######.###
.......# #...#
#.....## ###@#
.##...# #g#
...#..### #r#
#.......# #.#
.#......# #.#
..#.....# .♣.
........# . .
........# . .
..#######


You could see a gnoll and a rat.

Vanquished Creatures
  5 bats (D:1)
  A giant cockroach (D:1)
  A hobgoblin (D:1)
  3 jackals (D:1)
  3 quokkas (D:1)
  3 ball pythons (D:1)
  A rat (D:1)
17 creatures vanquished.

Vanquished Creatures (others)
  11 plants (D:1)
11 creatures vanquished.

Grand Total: 28 creatures vanquished

Notes
Turn   | Place    | Note
-------+----------+-------------------------------------------
     0 | D:1      | Aksej the Demonspawn Monk began the quest for the Orb.
     0 | D:1      | Reached XP level 1. HP: 18/18 MP: 1/1
   236 | D:1      | Gained mutation: You may rarely emit foul miasma when
                  | damaged in melee. [demonic ancestry]
   236 | D:1      | Reached XP level 2. HP: 24/24 MP: 2/2
   278 | D:1      | Found a faded altar of an unknown god.
   853 | D:1      | HP: 1/24 [gnoll/+0 whip (2)]
   854 | D:1      | Slain by a gnoll

Illustrated notes

Levels and vault maps discovered:
D:1:      minmay_arrival_radiant_lines, layout_loops_cross,
          nicolae_ecumenical_lake_church, serial_forest,
          infiniplex_forest_lined_3, infiniplex_forest_clump_long,
          infiniplex_forest_clump_small, infiniplex_forest_diagonal,
          infiniplex_forest_3_way, infiniplex_forest_lined_room_2,
          infiniplex_forest_clump_long, infiniplex_forest_lined_3

Action                   || total
-------------------------++-------
Melee: Mace              ||    60
       Punch             ||     2
 Stab: Sleeping          ||     1
Armor: Robe              ||     6
Dodge: Dodged            ||    45

Table legend: (Time is in decaauts)
 A = Elapsed time spent in this place.
 B = Non-inter-level travel time spent in this place.
 C = Inter-level travel time spent in this place.
 D = Time resting spent in this place.
 E = Time spent auto-exploring this place.
 F = Levels seen in this place.
 G = Mean time per level.
                   A        B        C        D        E       F      G
               +--------+--------+--------+--------+--------+-----+--------+
         Total |    869 |    869 |      0 |      0 |    717 |   1 |  869.0 |
       Dungeon |    869 |    869 |      0 |      0 |    717 |   1 |  869.0 |
               +--------+--------+--------+--------+--------+-----+--------+

Top non-repeatable levels by time:
     D:1: 869 daAuts
